Construct Infanterie Kompanie
Selects Luftwaffe Battlegroup
Selects Stuka Strafing Run
Selects Fallschirmpioneer Squad Paradrop
Construct Luftwaffe Kompanie
Selects Fallschirmjäger Squad Paradrop
Fallschirmjäger Squad Paradrop
Fallschirmjäger Squad Paradrop
Selects LG40 Recoilless Launcher Paradrop
Fallschirmjäger Squad Paradrop
Selects Infantry Reserves
Construct Panzer Kompanie
Selects Fragmentation Bombs
Fallschirmjäger Squad Paradrop
Fallschirmjäger Squad Paradrop
LG40 Recoilless Launcher Paradrop
Construct Infanterie Kompanie
LG40 Recoilless Launcher Paradrop
Construct Panzer Kompanie
Construct Panzer Kompanie
Construct Panzergrenadier Kompanie
Fallschirmjäger Squad Paradrop
Pak 40 Anti-tank Gun Team